Map: Zen LE

Players

MikeHawk - Winner!

  • Race: Terran Terran
  • League: Master
  • Spawn Location: 1:00

Kha

  • Race: Terran Terran
  • League: Master
  • Spawn Location: 7:00

VOD

Have the link to the VOD?

Description

Time

  • Played on: Dec. 18, 2019, 3:43 p.m.
  • Length: 9:07
Show
View Real Time Build Order
Export as new Build Order

MikeHawk Terran - Winner!

Build Orders: Gas First Reaper Expand 

Get SALT Encoding   

  12  0:00  SCV  
  13  0:12  SCV  
  14  0:17  Supply Depot  
  14  0:25  SCV  
  15  0:30  Refinery  
  15  0:39  SCV  
  16  0:44  Barracks  
  16  0:51  SCV  
  17  1:03  SCV  
  18  1:15  SCV  
  19  1:31  Orbital Command  
  19  1:32  Reaper  
  20  1:44  Command Center  
  20  1:55  Factory  
  20  1:59  SCV  
  21  2:08  Barracks Reactor  
  21  2:12  SCV  
  22  2:15  Supply Depot  
  22  2:18  Refinery  
  22  2:24  SCV  
  23  2:37  SCV  
  23  2:40  Hellion  
  23  2:43  Starport  
  26  2:45  Marine x2  
  26  2:49  SCV  
  29  2:58  Orbital Command  
  30  3:06  Hellion  
  30  3:07  Marine  
  30  3:09  Marine  
  30  3:12  SCV  
  34  3:19  Starport Tech Lab  
  34  3:25  SCV, Marine  
  34  3:26  SCV  
  37  3:27  Marine  
  37  3:28  Factory Tech Lab  
  38  3:37  SCV  
  38  3:38  SCV  
  38  3:40  Raven  
  42  3:43  Supply Depot  
  42  3:53  Cyclone  
  42  3:55  SCV  
  46  4:00  Supply Depot  
  46  4:04  SCV  
  46  4:07  SCV, Marine x2  
  50  4:17  SCV  
  51  4:19  SCV  
  51  4:23  Supply Depot  
  52  4:28  Command Center  
  52  4:30  SCV  
  52  4:31  SCV, Starport Reactor  
  53  4:36  Marine  
  53  4:38  Stimpack  
  52  4:42  SCV  
  52  4:43  SCV  
  54  4:45  Barracks  
  54  4:54  Barracks, SCV  
  54  4:55  SCV, Marine  
  56  5:06  SCV  
  57  5:07  SCV  
  57  5:10  Viking x2  
  57  5:13  Marine  
  63  5:18  SCV  
  63  5:19  SCV  
  59  5:28  Siege Tank  
  62  5:31  SCV x2, Marine  
  64  5:43  SCV x2  
  64  5:48  Marine  
  64  5:49  Marine x3  
  70  5:50  Starport Reactor  
  70  5:51  Refinery  
  70  5:52  Refinery  
  70  5:54  Engineering Bay  
  70  5:55  Engineering Bay  
  70  6:02  SCV x2, Orbital Command, Marine  
  73  6:06  Siege Tank  
  77  6:14  SCV x2  
  77  6:18  Combat Shield  
  79  6:19  Marine x3  
  79  6:20  Marine  
  79  6:22  Terran Infantry Weapons Level 1  
  79  6:23  Supply Depot  
  82  6:28  SCV, Supply Depot  
  82  6:29  Orbital Command  
  82  6:30  SCV  
  84  6:40  SCV  
  84  6:43  SCV, Marine  
  84  6:44  Medivac x2, Marine x4  
  93  6:52  SCV  
  92  6:55  SCV x2, Supply Depot  
  92  7:01  Marine  
  92  7:02  Marine x3  
  92  7:04  SCV  
  92  7:05  Siege Tank  
  92  7:07  SCV  
  92  7:08  SCV  
  99  7:16  SCV  
  99  7:17  Medivac x2  
  99  7:18  Marine  
  99  7:19  SCV, Marine  
  99  7:20  Marine x2  
  109  7:27  Supply Depot  
  109  7:28  Supply Depot  
  109  7:29  SCV x2  
  111  7:31  SCV  
  111  7:34  Marine  
  111  7:35  Marine  
  114  7:40  Siege Tank  
  114  7:41  SCV  
  114  7:42  SCV  
  117  7:49  SCV, Marine x3  
  121  7:53  Marine x2  
  121  7:54  SCV x2  
  125  8:01  SCV  
  119  8:06  Medivac x2  
  119  8:07  Marine x3  
  119  8:11  Barracks, Marine  
  119  8:12  Barracks  
  127  8:13  Supply Depot  
  127  8:14  Supply Depot  
  127  8:15  Siege Tank  
  127  8:19  Marine  
  131  8:23  SCV x2  
  133  8:31  Marine x3  
  133  8:32  Marine  
  133  8:37  Marine  
  122  8:49  Marine  
Show
View Real Time Build Order
Export as new Build Order

Kha Terran 

Build Orders: 1/1/1, Banshee Rush 

Get SALT Encoding   

  12  0:00  SCV  
  13  0:13  SCV  
  14  0:17  Supply Depot  
  14  0:25  SCV  
  15  0:29  Refinery  
  15  0:38  SCV  
  16  0:45  Barracks  
  16  0:51  SCV  
  16  0:55  Refinery  
  17  1:03  SCV  
  18  1:15  SCV  
  19  1:27  SCV  
  19  1:32  Reaper  
  21  1:35  Factory  
  21  1:41  Orbital Command  
  21  1:49  Supply Depot  
  21  2:04  Reaper  
  21  2:07  SCV  
  23  2:18  Hellion  
  23  2:19  Starport  
  23  2:21  SCV  
  26  2:29  Supply Depot  
  26  2:35  SCV  
  26  2:36  Reaper  
  28  2:41  Factory Tech Lab  
  28  2:47  SCV  
  29  2:59  SCV  
  29  3:02  Cloaking Field  
  29  3:03  Banshee  
  33  3:11  SCV  
  34  3:23  SCV  
  35  3:27  Command Center  
  35  3:32  Factory Tech Lab, Barracks Reactor  
  34  3:42  SCV  
  34  3:46  Banshee  
  34  3:48  Supply Depot  
  38  4:06  SCV  
  38  4:09  Marine x2  
  39  4:10  Siege Tank  
  39  4:12  Supply Depot  
  44  4:24  SCV  
  44  4:25  Barracks x2  
  45  4:36  SCV  
  46  4:48  SCV  
  46  4:49  Orbital Command  
  46  4:50  Factory Reactor  
  47  4:55  Starport Reactor  
  47  4:57  Marine  
  47  4:58  Marine  
  49  5:00  SCV  
  50  5:13  SCV  
  51  5:22  Refinery  
  51  5:23  Stimpack, Marine, Refinery  
  51  5:24  Supply Depot  
  51  5:25  SCV  
  53  5:33  Engineering Bay  
  50  5:37  SCV  
  50  5:38  Marine x2  
  53  5:47  SCV  
  53  5:48  Marine x2  
  53  5:49  SCV  
  57  5:56  Siege Tank  
  57  5:57  Marine  
  57  5:59  SCV  
  57  6:00  Terran Infantry Weapons Level 1  
  57  6:03  SCV  
  60  6:11  SCV  
  60  6:16  SCV  
  62  6:18  Marine  
  62  6:19  Medivac x2, Marine x3  
  62  6:22  Marine  
  62  6:23  SCV  
  72  6:25  Supply Depot  
  72  6:27  Supply Depot  
  72  6:28  SCV  
  72  6:32  Siege Tank  
  76  6:38  Marine x2  
  78  6:47  SCV, Marine x3  
  78  6:49  Supply Depot  
  78  6:52  Medivac x2  
  86  6:56  Marine x2  
  88  7:04  Combat Shield  
  88  7:05  Marine  
  88  7:08  Marine  
  88  7:14  Supply Depot  
  88  7:15  Siege Tank, Marine x3  
  92  7:23  Marauder  
  92  7:24  Medivac  
  92  7:25  SCV, Medivac, Marine  
  100  7:33  Marine x2  
  101  7:39  Marine  
  101  7:43  Marine  
  101  7:44  Supply Depot, Marine  
  103  7:51  Marine  
  104  7:55  SCV  
  104  7:56  Siege Tank  
  104  7:57  Barracks  
  104  8:00  Command Center  
  104  8:04  Marine x4  
  101  8:06  Supply Depot  
  101  8:09  Marine  
  102  8:15  SCV x2  
  104  8:22  Marine x3  
  107  8:27  SCV  
  82  8:47  Marine x5  
Tags
 
Add a new tag
Caveats
  • Supply blocks, unpowered buildings, or Contaminate may cause inaccurate times.
  • Supply counts are checked every 10 seconds.